cohdb
Replays
Latest Replays
All Replays
Popular Replays
Top Player Replays
Match Explorer
How It Works
Community
CoH3 Stats
Reddit
Sign in to upload your games and track your stats! →
Sign in with Steam
Match 44460878
Unlisted
Match 44460878
Overview
Messages
Build Orders
End
Construct Infanterie Kompanie
Kettenkrad Recon Vehicle
MG 42 Machine Gun Team
Grenadier Squad
Construct Luftwaffe Kompanie
Jäger Squad
221 Scout Car
Jäger Squad
Jäger Squad
Luftwaffe Officer Quarters
Construct Panzer Kompanie
Medical Station
Panzer IV Medium Tank
Selects Mechanized Battlegroup
Selects Raid Package
Selects StuG Assault Group
Selects UNKNOWN (2160084)
Panther Heavy Tank
Selects Spotting Scopes
Panzer Officer Quarters
Panther Heavy Tank
Selects Wespe Self-propelled Artillery
Repair Bunker
Panther Heavy Tank
Selects Zeroing Artillery Barrage
Zeroing Artillery Barrage
Toxic Grandfather
Valar[M]orgHulis
FOX
ganxuezhao1
Horeneks
Asa
dl5277
jaws2005
0
0
Comments
sign in to comment!
No comments posted yet!